 Dungeon Crawl Stone Soup version 0.20.0-1-g1cb1d84 (webtiles) character file.

97 qandnotyew the Slasher (level 4, -7/28 HPs)
             Began as a Tengu Monk on May 26, 2017.
             Mangled by Natasha (10 damage)
             ... on level 2 of the Dungeon.
             The game lasted 00:02:02 (1740 turns).

qandnotyew the Slasher (Tengu Monk)                 Turns: 1740, Time: 00:02:03

Health: -7/28      AC:  2    Str: 12    XL:     4   Next: 68%
Magic:  5/5        EV: 14    Int: 11    God:
Gold:   67         SH:  0    Dex: 16    Spells: 3/3 levels left

rFire    . . .     SeeInvis .   a - +0 falchion
rCold    . . .     Gourm    .   (no shield)
rNeg     . . .     Faith    .   b - +0 robe
rPois    .         Spirit   .   (helmet restricted)
rElec    .         Reflect  .   (no cloak)
rCorr    .         Harm     .   (no gloves)
MR       .....                  (boots unavailable)
Stlth    ++........             (no amulet)
Regen    0.1/turn               (no ring)
MPRegen  0.1/turn               (no ring)

@: slowed, very slow
A: beak, talons 3
a: no special abilities


You were on level 2 of the Dungeon.
You were not hungry.

You visited 1 branch of the dungeon, and saw 2 of its levels.

You collected 67 gold pieces.

Inventory:

Hand Weapons
 a - a +0 falchion (weapon)
Armour
 b - a +0 robe (worn)
Scrolls
 g - 3 scrolls of remove curse {unknown}
 h - 2 scrolls of identify {unknown}
 i - a scroll of random uselessness {unknown}
 k - 2 scrolls of enchant weapon {unknown}
 l - a scroll of amnesia {unknown}
 n - a scroll of fear {unknown}
 o - a scroll of recharging {unknown}
Potions
 e - a potion of curing {unknown}
 f - 2 potions of heal wounds {unknown}
 p - a potion of mutation {unknown}
 q - a potion of lignification {unknown}
Comestibles
 c - 4 bread rations
 d - 4 chunks of flesh
 j - a meat ration
 m - 2 royal jellies


   Skills:
 - Level 3.0 Fighting
 * Level 5.1 Long Blades
 + Level 4.2 Dodging
 - Level 2.0 Stealth


You had 3 spell levels left.
You didn't know any spells.

Dungeon Overview and Level Annotations

Branches:
Dungeon (2/15)

Altars:
Dithmenos
Trog

Annotations:
D:2 Natasha


Innate Abilities, Weirdness & Mutations

You have a beak for a mouth.
You have claws for feet.


Message History

* * * LOW HITPOINT WARNING * * *
You hit Natasha but do no damage.
Natasha is severely wounded.
Natasha mumbles some strange words.
Natasha shimmers violently.
Natasha claws you.
* * * LOW HITPOINT WARNING * * *
You closely miss Natasha. Your kick misses Natasha.
Natasha is severely wounded.
Natasha misses you. Natasha completely misses you.
You riposte.
You hit Natasha but do no damage.
Natasha is severely wounded.
You hit Natasha.
Natasha is almost dead.
Natasha closely misses you.
You hit Natasha.
Natasha is almost dead.
Natasha casts a spell at you. You resist with some effort. Natasha claws you!
You die...

##..#...##.##...#.....
#...##.##.........
#.....).....###.##
#.##...#...........<#
#....................
####.#.##.#.....##.##
#.#.......>.....##
#####.#.##.#..........
#....@h..#############
#.##.....# # ####..#
#..# #>.# ##.#
...#############
................
#.......##..#.


You could see Natasha.

Vanquished Creatures
  Natasha (twice) (D:2)
  An adder (D:2)
  A dart slug (D:2)
  4 bats
  2 giant cockroaches (D:2)
  2 goblins
  7 hobgoblins
  4 jackals (D:2)
  3 frilled lizards
  4 kobolds (D:2)
  4 rats
34 creatures vanquished.

Notes
Turn   | Place    | Note
-------+----------+-------------------------------------------
     0 | D:1      | qandnotyew the Tengu Monk began the quest for the Orb.
     0 | D:1      | Reached XP level 1. HP: 14/14 MP: 2/2
   397 | D:1      | Reached XP level 2. HP: 19/19 MP: 3/3
   534 | D:2      | Found a shadowy altar of Dithmenos.
   560 | D:2      | Noticed Natasha
   567 | D:2      | Reached skill level 4 in Long Blades
   755 | D:2      | Killed Natasha
   755 | D:2      | Reached XP level 3. HP: 14/23 MP: 4/4
   806 | D:2      | Noticed Natasha
  1216 | D:2      | Reached XP level 4. HP: 23/28 MP: 5/5
  1391 | D:2      | Found a bloodstained altar of Trog.
  1603 | D:2      | Killed Natasha
  1603 | D:2      | Reached skill level 5 in Long Blades
  1634 | D:2      | Noticed Natasha
  1740 | D:2      | Mangled by Natasha

Skill      XL: |  1  2  3  4 |
---------------+-------------+-----
Long Blades    | 4 5 |  5.1
Dodging        | 4 |  4.2
Fighting       | |  3.0
Stealth        | |  2.0

Action                   |  1- 3 |  4- 6 || total
-------------------------+-------+-------++-------
Melee: Falchion          |    57 |    33 ||    90
       Kick              |    20 |    12 ||    32
       Peck              |     8 |     9 ||    17
 Stab: Sleeping          |     5 |     2 ||     7
  Eat: Chunk             |     1 |     2 ||     3
Armor: Robe              |    13 |     4 ||    17
Dodge: Dodged            |    61 |    22 ||    83
       Rpst.: Falchion   |    18 |     8 ||    26
